Map: Hecate LE

Players

dad

  • Race: Protoss Protoss
  • Spawn Location: 7:00

Subwayeatn - Winner!

  • Race: Zerg Zerg
  • League: Platinum
  • Spawn Location: 1:00

VOD

Have the link to the VOD?

Description

Time

  • Played on: Oct. 27, 2023, 6:34 p.m.
  • Length: 4:09
Show
View Real Time Build Order
Export as new Build Order

dad Protoss 

Build Orders:  

Get SALT Encoding   

  12  0:00  Probe  
  13  0:12  Probe  
  14  0:17  Pylon  
  14  0:24  Probe  
  15  0:36  Gateway  
  15  0:38  Probe (Chrono Boost)  
  16  0:44  Assimilator  
  16  0:48  Probe (Chrono Boost)  
  17  0:54  Probe  
  18  1:06  Probe  
  19  1:18  Probe  
  19  1:19  Pylon  
  20  1:28  Zealot (Chrono Boost)  
  20  1:30  Cybernetics Core, Probe  
  23  1:38  Gateway  
  23  1:52  Zealot (Chrono Boost)  
  25  2:12  Probe  
  25  2:14  Warp Gate (Chrono Boost)  
  23  2:40  Zealot  
  26  3:11  Zealot (Chrono Boost)  
  26  3:14  Pylon  
  26  3:18  Pylon  
  24  3:32  Forge, Stalker (Chrono Boost)  
  23  3:34  Gateway  
  23  3:40  Pylon  
  23  3:57  Zealot  
Show
View Real Time Build Order
Export as new Build Order

Subwayeatn Zerg - Winner!

Build Orders: Pool First 

Get SALT Encoding   

  12  0:18  Spawning Pool  
  11  0:22  Drone  
  11  0:26  Drone  
  13  0:30  Drone  
  14  0:42  Overlord  
  14  1:06  Hatchery  
  14  1:07  Zergling x2  
  14  1:12  Zergling x2  
  14  1:15  Zergling x2  
  16  1:27  Zergling x2  
  17  1:33  Zergling x2  
  18  1:40  Queen  
  18  1:43  Overlord  
  19  2:16  Zergling x6  
  20  2:39  Zergling x2  
  20  2:40  Zergling x8  
  24  3:03  Queen x2  
  28  3:05  Drone x4  
  28  3:34  Extractor  
  28  3:39  Hatchery  
Tags
 
League
Platinum
Matchup
PvZ
Opening
Pool First
Replay Pack
Multiplayer
Spawn Locations
Cross Positions
Add a new tag
Caveats
  • Supply blocks, unpowered buildings, or Contaminate may cause inaccurate times.
  • Supply counts are checked every 10 seconds.